cohdb
Replays
Latest Replays
All Replays
Popular Replays
Top Player Replays
Match Explorer
How It Works
Community
CoH3 Stats
Reddit
Sign in to upload your games and track your stats! →
Sign in with Steam
Match 42280174
Unlisted
Match 42280174
Overview
Messages
Build Orders
End
Kradschützen Motorcycle Team
Selects Italian Infantry
Panzergrenadier Squad
Panzerpioneer Squad
Construct Light Support Kompanie
MG34 Team
2.5-tonne Medical Truck
Selects Defensive Operations
Fire Support Elements
Selects Guastatori Squad
Pak 38 Mechanized Group
Guastatori Squad
Construct Mechanized Kompanie
Selects Registered Artillery
StuG III D Assault Gun
Selects Territory Booby Traps
StuG III D Assault Gun
Registered Artillery
Selects Propaganda War
Propaganda War
Edeon
狂歌
Voodoo408
Carl
GATE
RyuJou
DinoNugs
冲锋大哥
0
0
Comments
sign in to comment!
No comments posted yet!